 Dungeon Crawl Stone Soup version 0.31-a0-232-gb1c03b2570 (webtiles) character file.

Game seed: 17361169251121508788

72 qw the Shooter (level 4, -6/26 HPs)
             Began as a Gargoyle Hexslinger on July 6, 2023.
             Killed by divine providence
             ... invoked by an orc priest
              (9 damage)
             ... on level 3 of the Dungeon.
             The game lasted 00:00:40 (1060 turns).

qw the Shooter (Gargoyle Hexslinger)                Turns: 1060, Time: 00:00:40

Health: -6/26      AC:  8    Str: 12    XL:     4   Next: 25%
Magic:  5/5        EV: 10    Int: 13    God:
Gold:   157        SH:  0    Dex: 14    Spells: 4/5 levels left

rFire   . . .        Y - +2 sling
rCold   . . .        (no shield)
rNeg    + . .        d - +0 ring mail
rPois   inf          (no helmet)
rElec   +            (no cloak)
rCorr   .            (no gloves)
SInv    .            (no boots)
Will    .....        (no amulet)
Stlth   +            (no ring)
HPRegen 0.24/turn    (no ring)
MPRegen 0.09/turn

%: no passive effects
@: no status effects
A: sickness immunity, AC +3, negative energy resistance 1, electricity
resistance, torment resistance 1, petrification resistance
a: no special abilities


You were on level 3 of the Dungeon.
You visited 1 branch of the dungeon, and saw 3 of its levels.

You collected 157 gold pieces.


Innate Abilities, Weirdness & Mutations

You are immune to sickness and miasma.
Your stone body is resilient. (AC +3)
You are immune to poison.
You resist negative energy. (rN+)
You are resistant to electric shocks. (rElec)
You are resistant to unholy torment.
You are immune to petrification.


   Skills:
 - Level 2.0 Fighting
 - Level 4.0 Ranged Weapons
 + Level 0.5 Armour
 - Level 1.5 Dodging
 - Level 1.0 Spellcasting
 - Level 2.6 Hexes


You had 4 spell levels left.
You knew the following spells:

 Your Spells              Type           Power      Damage    Failure   Level
a - Slow                  Hex            28%        N/A       22%         1

Your spell library contained the following spells:

 Spells                   Type           Power      Damage    Failure   Level
 Inner Flame              Hex/Fire       4%         N/A       73%         3
 Portal Projectile        Hex/Tloc       8%         N/A       73%         3
 Cause Fear               Hex            3%         N/A       91%         4

Inventory:

Hand Weapons
 Y - a +2 sling (weapon)
Armour
 d - a +0 ring mail (worn)
Potions
 b - a potion of enlightenment {unknown}
 c - a potion of degeneration {unknown}
 e - a potion of heal wounds {unknown}
 f - a potion of cancellation {unknown}
 g - a potion of curing {unknown}

Dungeon Overview and Level Annotations

Branches:
Dungeon (3/15)

Altars:
Xom


Message History

You kill the hobgoblin!
An orc comes into view. It is wielding a +0 whip.
Found a scroll of identify.
The orc shouts!
You hear a shout! x4
An orc comes into view. It is wielding a +0 hand axe.
Enter note: You shoot a sling bullet.
The sling bullet barely misses the orc.
You shoot a sling bullet.
The sling bullet completely misses the orc.
You shoot a sling bullet. The sling bullet barely misses the orc.
You shoot a sling bullet.
The sling bullet closely misses the orc.
An orc comes into view. It is wielding a +0 war axe.
An orc priest comes into view. It is wielding a +0 club.
The orc barely misses you.
An orc comes into view. It is wielding a +0 trident.
You shoot a sling bullet.
The sling bullet closely misses the orc.
The orc priest shouts!
The sling bullet hits the orc!
You kill the orc!
The orc hits you with a +0 whip.
Your Ranged Weapons skill increases to level 4!
You shoot a sling bullet. The sling bullet hits the orc!
You kill the orc!
You shoot a sling bullet. The sling bullet hits the orc!
You kill the orc!
The orc priest invokes the aid of Beogh against you.
Beogh smites you!
You hear a shout!
You shoot a sling bullet. The sling bullet hits the orc!
You kill the orc!
1058 ||| FLEEEEING.
1059 ||| FLEEEEING.
The orc priest calls down the wrath of Beogh upon you.
Beogh smites you!
1060 ||| FLEEEEING.
The orc priest invokes the aid of Beogh against you.
Beogh smites you!
You die...

############# .#......)...#
.#..........# #+#..
.#..>.......#########......
................@...)))#
............##########.o..?
.#..........# ...
.#..........# .
.#..........########
####..##.#####.....##
#..##.# ##.......#.#
####..%..###....<....#
......#......7.....7.#


You could see an orc priest.

Vanquished Creatures
  2 adders
  A dart slug (D:1)
  4 orcs (D:3)
  7 endoplasms
  A giant cockroach (D:1)
  3 goblins
  6 hobgoblins
  2 kobolds
  3 quokkas
  6 ball pythons
  4 bats
  A frilled lizard (D:1)
  2 rats
42 creatures vanquished.

Notes
Turn   | Place    | Note
-------+----------+-------------------------------------------
     0 | D:1      | qw the Gargoyle Hexslinger began the quest for the Orb.
     0 | D:1      | Reached XP level 1. HP: 12/12 MP: 2/2
     0 | D:1      | 0 ||| qw: Version: 0.3-a-46-gb1f654a
     0 | D:1      | 0 ||| qw: Game counter: 2116
     0 | D:1      | 0 ||| qw: Melee chars always use a shield: true
     0 | D:1      | 0 ||| qw: God list: Okawaru
     0 | D:1      | 0 ||| qw: Allow faded altars: false
     0 | D:1      | 0 ||| qw: Do Orc after clearing Dungeon:15 true
     0 | D:1      | 0 ||| qw: Do second Lair branch before Depths: true
     0 | D:1      | 0 ||| qw: Lair rune preference: random
     0 | D:1      | 0 ||| qw: Goals: Normal
     0 | D:1      | 0 ||| PLANNING D:1-11
     3 | D:1      | 3 ||| DROPPING scroll of poison.
    23 | D:1      | 23 ||| FLEEEEING.
    25 | D:1      | 25 ||| FLEEEEING.
    26 | D:1      | 26 ||| FLEEEEING.
   136 | D:1      | Reached XP level 2. HP: 16/16 MP: 3/3
   254 | D:1      | Reached skill level 3 in Ranged Weapons
   364 | D:1      | 364 ||| UPGRADING to +0 ring mail.
   374 | D:1      | 374 ||| DROPPING +0 robe.
   375 | D:1      | 375 ||| READING scroll labelled XUCWA RIUXOCZI.
   376 | D:1      | 376 ||| READING scroll labelled GOYDYA ATOAPU VYA.
   377 | D:1      | 377 ||| READING scroll labelled ATOARU XUTHRUA.
   378 | D:1      | 378 ||| READING scroll labelled NEPIOVUSOC.
   383 | D:1      | 383 ||| READING scroll labelled HASCHU AHUV.
   396 | D:1      | 396 ||| READING scroll labelled YDAMIOCLESM.
   428 | D:2      | Reached XP level 3. HP: 21/21 MP: 4/4
   505 | D:2      | Found a shimmering altar of Xom.
   876 | D:2      | 876 ||| READING scroll labelled YXKIODD SIOB.
   925 | D:3      | 925 ||| STAIRDANCE
   990 | D:3      | Reached XP level 4. HP: 24/26 MP: 5/5
  1055 | D:3      | Reached skill level 4 in Ranged Weapons
  1058 | D:3      | 1058 ||| FLEEEEING.
  1059 | D:3      | 1059 ||| FLEEEEING.
  1059 | D:3      | HP: 3/26 [orc priest/divine providence (12)]
  1060 | D:3      | 1060 ||| FLEEEEING.
  1060 | D:3      | Killed from afar by an orc priest

Levels and vault maps discovered:
D:1:      zelgadis_glass_arrival_small, layout_rooms
D:2:      layout_rooms, basic_altar
D:3:      layout_rooms, mainiacjoe_overflow_surrounded_room,
          nicolae_ru_awakened_eye,
          hellmonk_ecumenical_altar_pennies_from_heaven,
          chequers_serial_rivers_marsh, amethyst_killhole, grunt_ministairs_10,
          kennysheep_generic_room_14

Skill      XL: |  1  2  3  4 |
---------------+-------------+-----
Ranged Weapons | 3 4 |  4.0
Fighting       | 2 |  2.0
Armour         | |  0.5
Dodging        | |  1.5
Spellcasting   | |  1.0
Hexes          | |  2.6

Action                     |  1- 3 |  4- 6 || total
---------------------------+-------+-------++-------
   Fire: Sling             |   126 |    10 ||   136
    Use: Scroll            |     7 |       ||     7
 Armour: Robe              |     5 |       ||     5
         Ring mail         |    35 |       ||    35
  Dodge: Dodged            |    40 |     1 ||    41

Table legend:
 A = Non-vault XP
 B = Vault XP
 C = Vault XP percentage of total XP
 D = Non-vault monster count
 E = Vault monster count
 F = Vault count percentage of total count
                 A         B        C        D         E       F
            +---------+---------+-------+---------+---------+-------
      Total |      99 |       4 |   3.9 |      40 |       2 |   4.8
            +---------+---------+-------+---------+---------+-------
        D:1 |      32 |       0 |   0.0 |      17 |       0 |   0.0
        D:2 |      37 |       0 |   0.0 |      15 |       0 |   0.0
        D:3 |      30 |       4 |  11.8 |       8 |       2 |  20.0
            +---------+---------+-------+---------+---------+-------
